 Dungeon Crawl Stone Soup version 0.19-a0-1206-g6bcb79c (webtiles) character file.

303 FrancescoMac the Skirmisher (level 6, -2/56 HPs)
             Began as a Minotaur Fighter on Aug 21, 2016.
             Blown up by Pikel (22 damage)
             ... with a wand of disintegration
             ... on level 4 of the Dungeon.
             The game lasted 00:07:14 (2278 turns).

FrancescoMac the Skirmisher (Minotaur Fighter)      Turns: 2278, Time: 00:07:15

Health: -2/56      AC:  9    Str: 20    XL:     6   Next: 15%
Magic:  6/6        EV:  7    Int:  5    God:
Gold:   208        SH: 11    Dex: 12    Spells: 0 memorised, 5 levels left

rFire  + + .     SeeInvis .     a - +0 war axe
rCold  . . .     Gourm    .     b - +0 scale mail
rNeg   . . .     Faith    .     c - +1 shield
rPois  .         Spirit   .     (helmet restricted)
rElec  .         Dismiss  +     d - +1 cloak {+Inv}
rCorr  .         Reflect  .     (no gloves)
MR     .....     Harm     .     (no boots)
Stlth  ..........               j - amulet of dismissal
                                q - ring of protection from fire
                                n - ring of protection from fire

@: no status effects
A: retaliatory headbutt, horns 2
a: Evoke Invisibility


You were on level 4 of the Dungeon.
You were hungry.

You visited 1 branch of the dungeon, and saw 4 of its levels.

You collected 208 gold pieces.

Inventory:

Hand Weapons
 a - a +0 war axe (weapon)
 s - a +2 flail of draining
Armour
 b - a +0 scale mail (worn)
 c - a +1 shield (worn)
 d - a +1 cloak of invisibility (worn)
Jewellery
 j - an amulet of dismissal (around neck)
 n - a ring of protection from fire (left hand)
 q - a ring of protection from fire (right hand)
Wands
 x - a wand of confusion (32/48)
Scrolls
 k - a scroll of enchant weapon
 r - 2 scrolls of remove curse
 u - a scroll of enchant armour
 y - a scroll of teleportation
 B - a scroll of fog
Potions
 i - a potion of degeneration {unknown}
 l - 2 potions of cure mutation
 v - a potion of flight {unknown}
 w - a potion of curing {unknown}
Books
 z - a book of Dreams

   Spells                             Type                      Level
   a - Ensorcelled Hibernation        Hexes/Ice                    2
   b - Silence                        Hexes/Air                    5
   c - Darkness                       Hexes                        6
   d - Shadow Creatures               Summoning                    6
Comestibles
 f - a bread ration
 g - 4 meat rations
 h - 2 chunks of flesh
 m - a slice of pizza
 o - a royal jelly
 A - 2 fruits


   Skills:
 + Level 5.3 Fighting
 + Level 3.9 Axes
 + Level 4.8 Armour
 + Level 4.6 Shields
 * Level 2.2 Evocations


You had 5 spell levels left.
You didn't know any spells.

Dungeon Overview and Level Annotations

Branches:
Dungeon (4/15)
 Temple: D:4-7

Altars:
Kikubaaqudgha

Annotations:
D:4 Pikel


Innate Abilities, Weirdness & Mutations

You reflexively headbutt those who attack you in melee.
You have a pair of horns on your head.


Message History

You feel much better. Pikel hits you with a whip of flaming.
You miss Pikel. Your headbutt misses Pikel.
Pikel is heavily wounded.
Pikel hits you but does no damage. You block Pikel's attack.
You barely miss Pikel.
Pikel is heavily wounded.
Pikel hits you but does no damage.
You closely miss Pikel. Your headbutt misses Pikel.
Pikel is heavily wounded.
Pikel hits you with a whip of flaming. x2
You hit Pikel.
Pikel is heavily wounded.
Pikel zaps a wand.
You are blasted!
You slash Pikel!
Pikel is severely wounded.
Pikel hits you with a whip of flaming. x2
You hit Pikel.
Pikel is almost dead.
Pikel zaps a wand.
You are blasted!
You die...

. ..... ..####...#
.........# #........####.#
#.pp.....# ### ###p######
..# #p# #.# #K# #.#
#@#############
#####.#######.#...........#
#.............#.#########.#
#.###.######....# #.# # #.#
#.# #.....# #.# #.##.###.#
##....# #.# #........#
##.### #.# ####.##### #.#
#.# #.#### #.# #.#


You could see Pikel and 4 slaves.

Vanquished Creatures
  A scorpion (D:4)
  An orc priest (D:3)
  Crazy Yiuf (D:2)
  Natasha (thrice) (D:3)
  An orc wizard (D:2)
  2 adders (D:2)
  An ooze (D:1)
  4 worms
  A dart slug (D:2)
  2 giant geckos (D:2)
  7 orcs
  3 ball pythons
  5 bats
  2 giant cockroaches
  5 goblins
  4 hobgoblins
  8 kobolds
  A quokka (D:3)
  A giant newt (D:3)
  A rat (D:1)
54 creatures vanquished.

Notes
Turn   | Place    | Note
-------+----------+-------------------------------------------
     0 | D:1      | FrancescoMac the Minotaur Fighter began the quest for the Orb.
     0 | D:1      | Reached XP level 1. HP: 19/19 MP: 0/0
   315 | D:1      | Reached skill level 4 in Fighting
   315 | D:1      | Reached XP level 2. HP: 27/27 MP: 1/1
   922 | D:2      | Reached XP level 3. HP: 34/34 MP: 2/2
   963 | D:2      | Found a runed door.
   968 | D:2      | Noticed Crazy Yiuf
   972 | D:2      | Killed Crazy Yiuf
  1193 | D:2      | Reached XP level 4. HP: 39/41 MP: 3/3
  1382 | D:2      | Reached skill level 5 in Fighting
  1382 | D:2      | Reached skill level 1 in Evocations
  1487 | D:3      | Reached XP level 5. HP: 40/48 MP: 4/4
  1616 | D:3      | Noticed Natasha
  1623 | D:3      | Killed Natasha
  1719 | D:3      | Noticed Natasha
  1724 | D:3      | Killed Natasha
  1800 | D:3      | Found a faded altar of an unknown god.
  2053 | D:3      | Noticed Natasha
  2063 | D:3      | Killed Natasha
  2087 | D:4      | Found an ancient bone altar of Kikubaaqudgha.
  2156 | D:4      | Reached XP level 6. HP: 56/56 MP: 6/6
  2247 | D:4      | Noticed a slave
  2248 | D:4      | Noticed a slave
  2248 | D:4      | Noticed a slave
  2248 | D:4      | Noticed a slave
  2249 | D:4      | Noticed Pikel
  2278 | D:4      | Blown up by Pikel

Vault maps used:
D:1:      dpeg_arrival_three_smaller_balls
D:2:      uniq_crazy_yiuf_cottage
D:3:      ecumenical_altar_2, serial_glass, glass_columns_b, glass_columns_a,
          kennysheep_decorative_pillar, uniq_natasha
D:4:      old_standard_altar, serial_shops, shop_fountains, guppyfry_shop_venom,
          uniq_pikel

Skill      XL: |  1  2  3  4  5 |
---------------+----------------+-----
Fighting       | 4 5 |  5.3
Armour         | 4 |  4.8
Shields        | 4 |  4.6
Axes           | 3 |  3.9
Evocations     | 1 2 |  2.2

Action                   |  1- 3 |  4- 6 || total
-------------------------+-------+-------++-------
Melee: War axe           |    64 |    85 ||   149
       Headbutt          |    10 |    17 ||    27
  Use: Scroll            |     3 |     5 ||     8
       Potion            |     1 |     1 ||     2
  Eat: Chunk             |     1 |     3 ||     4
Armor: Scale mail        |    30 |    35 ||    65
Dodge: Dodged            |    19 |    30 ||    49
Block: Shield            |    35 |    43 ||    78
